 Dungeon Crawl Stone Soup version 0.31.0 (webtiles) character file.

Game seed: 16015668283780563753

39 CaptainMV the Ruffian (level 3, 0/19 HPs)
             Began as a Naga Shapeshifter on Jan 19, 2024.
             Slain by a jackal (1 damage)
             ... on level 2 of the Dungeon.
             The game lasted 00:08:54 (889 turns).

CaptainMV the Ruffian (Naga Shapeshifter)            Turns: 889, Time: 00:08:54

Health: 0/19       AC:  1    Str: 18    XL:     3   Next: 47%
Magic:  3/3        EV: 14    Int: 10    God:
Gold:   70         SH:  0    Dex: 10    Spells: 2/2 levels left

rFire   . .          .
                       - Unarmed
rCold   . . .        (shield currently unavailable)
rNeg    + . .        a - melded +0 animal skin
rPois   +            (no helmet)
rElec   .            (no cloak)
rCorr   .            (no gloves)
SInv    +            (no barding)
Will    .....        (no amulet)
Stlth   +            e - ring of positive energy
HPRegen 0.23/turn    (no ring)
MPRegen 0.08/turn

%: no passive effects
@: flux-form, glowing, very slow
A: glow, contaminating, reduced hp, AC +1, large, see invisible, deformed body,
poison resistance, slowness 2, spit poison 1, naga tail 1
a: Spit Poison, Begin Untransformation


You were on level 2 of the Dungeon.
You were something dangerously unstable.
You visited 1 branch of the dungeon, and saw 2 of its levels.

You collected 70 gold pieces.

Inventory:

Armour
 a - a +0 animal skin (melded)
Jewellery
 e - a ring of positive energy (left hand)
Talismans
 c - a beast talisman
 d - a flux talisman (active)
Scrolls
 f - 2 scrolls of identify
Potions
 b - a potion of lignification
 g - a potion of degeneration
 h - 2 potions of invisibility {unknown}


   Skills:
 + Level 1.2 Fighting
 + Level 1.9 Dodging
 + Level 3.8 Unarmed Combat
 + Level 3.2 Shapeshifting


You had 2 spell levels left.
You didn't know any spells.
Your spell library was empty.

Dungeon Overview and Level Annotations

Branches:
Dungeon (2/15)

Altars:


Innate Abilities, Weirdness & Mutations

You are something dangerously unstable.
You glow with magical radiation, making you easy to see and hit.
Foes you strike become dangerously contaminated with magical radiation.
Your maximum health is decreased, since you lack skill for your form.
You are incapable of wielding weapons or throwing items.
Your serpentine skin is tough. (AC +1)
You have supernaturally acute eyesight. (SInv)
Armour fits poorly on your strangely shaped body.
Your system is resistant to poisons. (rPois)
You cover ground very slowly.
You can spit poison.
You have a snake-like lower body.


Message History

A quokka comes into view.
The adder bites you.
You closely miss the adder.
You feel sick. The adder barely misses you.
You hit the adder.
The adder glows dangerously bright.
The adder is heavily wounded.
You feel sick.
You are no longer poisoned.
The adder bites you.
* * * LOW HITPOINT WARNING * * *
You hit the adder.
The adder shudders as magic cascades through it!!
You kill the adder!
You hit the jackal.
The jackal begins to glow.
The jackal is moderately wounded.
The jackal completely misses you.
You hit the jackal but do no damage.
The jackal glows dangerously bright.
The jackal is moderately wounded.
The jackal bites you.
* * * LOW HITPOINT WARNING * * *
The jackal barely misses you.
You barely miss the jackal.
The jackal is moderately wounded.
The jackal closely misses you.
You closely miss the jackal.
The jackal is moderately wounded.
The jackal bites you.
* * * LOW HITPOINT WARNING * * *
You hit the jackal.
The jackal shudders as magic cascades through it.
The jackal twists and deforms.
The jackal is heavily wounded.
The jackal closely misses you.
The jackal bites you but does no damage.
You hit the jackal but do no damage.
The jackal begins to glow.
The jackal is heavily wounded.
The jackal barely misses you.
You hit the jackal.
The jackal glows dangerously bright.
The jackal is almost dead.
The jackal bites you.
You die...

..# ..## ##########
..... #........####
...##
#.######)...######......
#†# ####......#.....#
#.# ######.......# #.#
#########......## ##.#
#......phl#.##.# #..#
#.########b.# . #.##
..... #.# ...... #.#
...... #.# ...... #.#
...... #.# #.#


You could see a jackal (heavy contam, misshapen), a bat and a frilled lizard.

Vanquished Creatures
  2 adders (D:2)
  A dart slug (D:1)
  2 endoplasms (D:1)
  A giant cockroach (D:1)
  A goblin (D:1)
  A hobgoblin (D:2)
  3 jackals (D:2)
  A quokka (D:1)
  A ball python (D:1)
  2 bats (D:2)
  3 kobolds (D:1)
  2 rats
20 creatures vanquished.

Notes
Turn   | Place    | Note
-------+----------+-------------------------------------------
     0 | D:1      | CaptainMV the Naga Shapeshifter began the quest for the
                  | Orb.
     0 | D:1      | Reached XP level 1. HP: 18/18 MP: 1/1
   467 | D:1      | Reached XP level 2. HP: 19/25 MP: 2/2
   811 | D:2      | Reached XP level 3. HP: 11/31 MP: 3/3
   889 | D:2      | Slain by a jackal

Illustrated notes

Levels and vault maps discovered:
D:1:      dpeg_arrival_rhombi, layout_loops_corners
D:2:      layout_rooms, basic_altar, minmay_small_reverse_x, uniq_sigmund,
          uniq_natasha

Action                     || total
---------------------------++-------
  Melee: Unarmed           ||    76
Ability: Begin Untransform ||     1
    Use: Scroll            ||     1
 Armour: Animal skin       ||    30
         Skin              ||    15
  Dodge: Dodged            ||    46
   Form: Beast             ||     1
         Flux              ||     1
